Hilbert, neutral female gnomish Wizard --- --- --------- . . |.......| |.---- .- |.......| |.|..|---.| |.......-# |.|..|..|.| |....<..|# |.-|-|..|.| |.......|# |....|..|.| |.......|### |.{..-|--.----- --------- # |.......G.a-..| ### |....-|--@@|..| # |.-+-|..|%----| ## |.| |..|.-.))| #..| ----.|.!*| |.| ...|.%!| |.- -....----- |.. ..... ----------- Hilbert the Conjurer Experience level: 5 Strength: 10 Dexterity: 12 Constitution: 15 Intelligence: 17 Wisdom: 13 Charisma: 9 Health: 0(35) Energy: 40(45) Def: 1 Gold: 158 Moves: 1599 Dungeon seed: kZIdNMOsvrzdd-ID Game ID: Hilbert_1433358740 Your Inventory: Coins $ - 158 gold pieces Weapons a - a blessed +2 quarterstaff (weapon in hands) o - a +2 aklys (alternate weapon; not wielded) Armor e - an uncursed +0 cloak of magic resistance (being worn) r - an uncursed +0 elven mithril-coat Scrolls i - an uncursed scroll of enchant weapon j - an uncursed scroll of destroy armor s - a blessed scroll of punishment u - an uncursed scroll of scare monster B - 2 uncursed scrolls of remove curse C - an uncursed scroll of taming D - an uncursed scroll of blank paper Spellbooks k - a blessed spellbook of force bolt l - a blessed spellbook of magic missile m - an uncursed spellbook of sleep Potions f - an uncursed potion of healing g - an uncursed potion of water h - an uncursed potion of sleeping t - a cursed potion of see invisible v - an uncursed potion of confusion x - an uncursed potion of paralysis Rings c - an uncursed ring of searching d - an uncursed ring of cold resistance p - an uncursed ring of see invisible y - an uncursed ring of free action Wands b - a wand of light (0:14) A - a wand of speed monster (0:5) Tools n - a magic marker (0:66) q - a blessed can of grease (0:8) Spells known in the end: Name Level Category Fail Memory a - force bolt 1 attack 0% 93% b - magic missile 2 attack 0% 93% c - sleep 1 enchantment 0% 93% Your skills at the end: Fighting Skills Weapon Skills quarterstaff [Skilled] Spellcasting Skills attack spells [Basic] enchantment spells [Basic] Final Attributes: You were devoutly aligned. You were magic-protected. You had infravision. You were lucky. You are dead. Vanquished creatures: a large mimic a dingo a bugbear 3 shriekers a paper golem a floating eye a dwarf 2 kobold shamans 4 dwarf zombies 3 iguanas 2 hobbits a large kobold 6 cave spiders 2 garter snakes 2 gnome zombies 5 jackals 3 kobolds a grid bug 3 kobold zombies 6 newts 49 creatures vanquished. Voluntary challenges: You were an atheist. You used a wielded weapon 74 times, starting on turn 98. You read items or engraved 1 time, starting on turn 7. You never genocided any monsters. You never polymorphed an object. You never changed form. You used no wishes. You never split a pudding. You never wrote Elbereth's name. You never violated your personal moral code. Dungeon overview: The Dungeons of Doom: levels 1 to 4 Level 1 an altar to Anhur a long staircase Level 2 a hardware shop Level 3 stairs to The Gnomish Mines Level 4 a sink The Gnomish Mines: levels 4 to 7 Level 4 stairs to The Dungeons of Doom Level 5 Level 6 Level 7 <- You were here a general store, a fountain History has recorded: On T:1 you entered the Dungeons of Doom to retrieve the Amulet of Yendor! On T:112 you reached level 2 of The Dungeons of Doom. On T:414 you reached level 3 of The Dungeons of Doom. On T:546 you advanced to experience level 2. On T:721 you reached level 4 of The Dungeons of Doom. On T:743 you reached level 1 of The Gnomish Mines. On T:745 you reached level 2 of The Gnomish Mines. On T:907 you advanced to experience level 3. On T:1134 you reached level 3 of The Gnomish Mines. On T:1255 you advanced to experience level 4. On T:1423 you advanced to experience level 5. On T:1497 you reached level 4 of The Gnomish Mines. Score breakdown: Gold: 158 ( 7488 points) Experience: 5 levels (11141 points) Exploration: 7 levels ( 14.89%) (10834 points) Discoveries: 0 items ( 0.00%) ( 0 points) Valuables value: (no points given unless you survive) Artifact value: 0 ( 0 points) Variety of kills: 20 monsters ( 5.28%) ( 6891 points) Time penalty: 1599 turns ( 0 points) Survival: died (score multiplied by 80%) Total score: 29083 Latest messages: The soldier ant bites! The soldier ant stings! You die... Final status: Goodbye Hilbert the Wizard, killed by a soldier ant... You died in The Gnomish Mines on dungeon level 7 with 29083 points, and 158 pieces of gold, after 1599 moves. You were level 5 with a maximum of 35 hit points when you died.